 Dungeon Crawl Stone Soup version 0.21.1-1-g345015f (webtiles) character file.

196 letownia2 the Magician (level 5, 23/35 HPs)
             Began as a Merfolk Wizard on Mar 11, 2018.
             Quit the game on level 4 of the Dungeon.
             The game lasted 00:10:00 (1679 turns).

letownia2 the Magician (Merfolk Wizard)             Turns: 1679, Time: 00:10:01

Health: 23/35      AC:  6    Str:  8    XL:     5   Next: 75%
Magic:  9/9        EV:  8    Int: 17    God:
Gold:   53         SH:  0    Dex: 13    Spells: 1/10 levels left

rFire    . . .     SeeInvis .   v - +0 short sword (drain)
rCold    . . .     Gourm    .   (no shield)
rNeg     . . .     Faith    .   j - +0 scale mail (curse)
rPois    .         Spirit   .   b - +0 hat
rElec    .         Reflect  .   (no cloak)
rCorr    .         Harm     .   (no gloves)
MR       .....                  (no boots)
Stlth    +.........             (no amulet)
HPRegen  0.11/turn              (no ring)
MPRegen  0.11/turn              (no ring)

@: no status effects
A: change form in water, swift swim, stealthy swim
a: no special abilities


You were on level 4 of the Dungeon.
You were not hungry.

You visited 1 branch of the dungeon, and saw 5 of its levels.

You collected 53 gold pieces.

Inventory:

Hand Weapons
 f - a +0 dagger
 k - a +0 mace
 n - a +2 dagger of venom
 p - a cursed -1 flail
 v - a +0 short sword of draining (weapon)
 z - a +0 halberd
 A - a +1 dire flail of distortion
Armour
 a - a +0 robe
 b - a +0 hat (worn)
 j - a cursed +0 scale mail (worn)
 r - a +0 ring mail
 u - a +0 leather armour
Jewellery
 D - an uncursed amulet of guardian spirit
Wands
 x - a wand of digging (10)
 y - a wand of enslavement (12)
Scrolls
 g - 2 scrolls of enchant armour {unknown}
 h - 5 scrolls of fear {unknown}
 i - a scroll of random uselessness {unknown}
 o - 4 scrolls of identify {unknown}
 w - 5 scrolls of remove curse {unknown}
 B - a scroll of teleportation {unknown}
Potions
 e - a potion of ambrosia {unknown}
 l - a potion of heal wounds
 m - a potion of might {unknown}
 q - a potion of brilliance {unknown}
 s - a potion of degeneration {unknown}
 t - a potion of agility {unknown}
Books
 c - a book of Minor Magic

   Spells                             Type                      Level
   a - Magic Dart                     Conjuration                  1
   b - Blink                          Translocation                2
   c - Call Imp                       Summoning                    2
   d - Slow                           Hexes                        2
   e - Conjure Flame                  Conjuration/Fire             3
   f - Mephitic Cloud                 Conjuration/Poison/Air       3
Comestibles
 d - 10 rations


   Skills:
 + Level 0.7 Armour
 - Level 2.8 Dodging
 - Level 2.3 Stealth
 - Level 3.3 Spellcasting
 - Level 2.1 Conjurations
 - Level 2.4 Summonings
   Level 0.7 Translocations
 + Level 0.8 Fire Magic
 + Level 1.3 Air Magic
 + Level 2.0 Poison Magic


You had one spell level left.
You knew the following spells:

 Your Spells              Type           Power        Failure   Level  Hunger
a - Magic Dart            Conj           #...         56%         1    None
c - Conjure Flame         Conj/Fire      #.......     95%         3    ###....
e - Mephitic Cloud        Conj/Pois/Air  #.......     93%         3    ###....
i - Call Imp              Summ           ##......     67%         2    ##.....


Dungeon Overview and Level Annotations

Branches:
Dungeon (5/15)
 Temple: D:4-7

Altars:
Ashenzari
Elyvilon
Gozag
Qazlal
Trog
Wu Jian

Annotations:
D:3 Mirai's ghost, weakling DsFi


Message History

Okay, then.
You climb upwards.
There is a stone staircase leading down here.
Unknown command.
Unknown command.
Unknown command.
Unknown command.
Okay, then.
Are you sure you want to abandon this character and quit the game? (Confirm with "yes".)
Okay, then.
Wear which item? (? for menu, Esc to quit)
You start removing your armour.
You continue taking off your +0 leather armour. x4
You finish taking off your +0 leather armour.
You start putting on your armour.
You continue putting on your shiny scale mail. x5
You finish putting on your cursed +0 scale mail.
Oops, that feels deathly cold.
Okay, then.
Are you sure you want to abandon this character and quit the game? (Confirm with "yes".)

# #.........#.#..#.#.#.#.# #. #
#.........#.#..#.# #.#.####. #
#.........#.#..#.# #........ #
#.........#.#..#.#.###.##### #
#.........#.#........... # #
#######...........#.###.# #. #
#.........................l.. #
#.#####.##........#####.#.##. #
#.# #.##..@................
#####.#####.##...................
..รท.........####...........##.##.
#####.#....... #...##.####.##$##.
# #.#........#...# .####.##.##. #
#.#........#..## #.......... #
#.............########.#####. #
#.#....... #............#.... #
#.##########..########..#.##.


There were no monsters in sight!

Vanquished Creatures
  A bullfrog (D:4)
  2 worker ants (D:4)
  An adder (D:4)
  An adder skeleton (D:4)
  A dart slug (D:3)
  2 leopard geckos
  5 orcs
  5 bats
  3 giant cockroaches
  3 goblins (D:1)
  4 hobgoblins
  A quokka (D:4)
  A ball python (D:4)
  2 frilled lizards
  3 kobolds
  A rat (D:1)
36 creatures vanquished.

Vanquished Creatures (collateral kills)
  3 gnolls (D:4)
  2 adders
  5 orcs
10 creatures vanquished.

Vanquished Creatures (others)
  Edmund (D:4)
  A gnoll (D:4)
2 creatures vanquished.

Grand Total: 48 creatures vanquished

Notes
Turn   | Place    | Note
-------+----------+-------------------------------------------
     0 | D:1      | letownia2 the Merfolk Wizard began the quest for the Orb.
     0 | D:1      | Reached XP level 1. HP: 13/13 MP: 4/4
   129 | D:1      | Reached XP level 2. HP: 7/19 MP: 1/6
   138 | D:1      | Learned a level 2 spell: Call Imp
   157 | D:1      | Reached skill level 1 in Conjurations
   260 | D:2      | Found a white marble altar of Elyvilon.
   377 | D:3      | Reached XP level 3. HP: 19/24 MP: 3/7
   391 | D:3      | Learned a level 3 spell: Mephitic Cloud
   416 | D:3      | Noticed Mirai's ghost (weakling DsFi)
   542 | D:3      | Found an opulent altar of Gozag.
   884 | D:3      | Found a stormy altar of Qazlal.
   884 | D:3      | Found a shattered altar of Ashenzari.
   887 | D:3      | Found an ornate altar of the Wu Jian Council.
   929 | D:4      | Found a bloodstained altar of Trog.
   997 | D:4      | Reached skill level 1 in Poison Magic
  1019 | D:4      | Reached XP level 4. HP: 17/30 MP: 1/8
  1119 | D:4      | Learned a level 3 spell: Conjure Flame
  1124 | D:4      | Noticed Edmund
  1198 | D:4      | Noticed a phantom
  1301 | D:4      | HP: 1/30 [poison (poison gas)]
  1312 | D:4      | Killed Edmund
  1350 | D:4      | Noticed a bullfrog
  1379 | D:4      | Killed a bullfrog
  1379 | D:4      | Reached skill level 1 in Air Magic
  1379 | D:4      | Reached XP level 5. HP: 13/35 MP: 4/9
  1666 | D:5      | Entered Level 5 of the Dungeon
  1679 | D:4      | Quit the game

Skill      XL: |  1  2  3  4  5 |
---------------+----------------+-----
Conjurations   | 1 2 |  2.1
Poison Magic   | 1 2 |  2.0
Summonings     | 2 |  2.4
Air Magic      | 1 |  1.3
Armour         | |  0.7
Dodging        | |  2.8
Stealth        | |  2.3
Spellcasting   | |  3.3
Translocations | |  0.7
Fire Magic     | |  0.8

Action                   |  1- 3 |  4- 6 || total
-------------------------+-------+-------++-------
Melee: Dagger            |    47 |       ||    47
       Short sword       |     4 |    44 ||    48
 Cast: Magic Dart        |    56 |     4 ||    60
       Call Imp          |     7 |     3 ||    10
       Mephitic Cloud    |       |     4 ||     4
Evoke: Wand              |     3 |       ||     3
  Use: Potion            |       |     2 ||     2
 Stab: Sleeping          |     2 |     1 ||     3
       Confused          |       |     3 ||     3
  Eat: Chunk             |     1 |     3 ||     4
Armor: Robe              |     8 |       ||     8
       Leather armour    |     1 |     4 ||     5
Dodge: Dodged            |    40 |    19 ||    59
